 Dungeon Crawl Stone Soup version 0.27-a0-242-ge0fc76b88b (webtiles) character file.

Game seed: 15890216233123210179

28 rebelwolf the Skirmisher (level 3, 0/40 HPs)
             Began as an Ogre Fighter on Feb 2, 2021.
             Slain by a goblin (1 damage)
             ... on level 2 of the Dungeon.
             The game lasted 00:02:09 (1834 turns).

rebelwolf the Skirmisher (Ogre Fighter)             Turns: 1834, Time: 00:02:10

Health: 0/40       AC:  3    Str: 21    XL:     3   Next: 12%
Magic:  3/3        EV:  8    Int:  9    God:
Gold:   88         SH:  8    Dex:  8    Spells: 2/2 levels left

rFire    . . .     SeeInvis .   a - +0 flail
rCold    . . .     Faith    .   c - +0 kite shield
rNeg     . . .     Spirit   .   b - +0 robe
rPois    .         Reflect  .   (helmet restricted)
rElec    .         Harm     .   (no cloak)
rCorr    .         Rampage  .   (gloves unavailable)
Will     .....                  (boots unavailable)
Stlth    +.........             (no amulet)
HPRegen  0.13/turn              (no ring)
MPRegen  0.08/turn              (no ring)

@: lethally poisoned (0 -> -5)
A: large, unfitting armour, tough skin 1
a: no special abilities


You were on level 2 of the Dungeon.
You visited 1 branch of the dungeon, and saw 2 of its levels.

You collected 88 gold pieces.

Inventory:

Hand Weapons
 a - a +0 flail (weapon)
Armour
 b - a +0 robe (worn)
 c - a +0 kite shield (worn)
Scrolls
 f - a scroll of fog
Potions
 d - a potion of might
 e - a potion of haste {unknown}
 g - 3 potions of curing
 i - a potion of attraction {unknown}


   Skills:
 + Level 4.5 Fighting
 + Level 2.0 Maces & Flails
 + Level 3.1 Dodging
 + Level 3.0 Shields


You had 2 spell levels left.
You didn't know any spells.
Your spell library was empty.

Dungeon Overview and Level Annotations

Branches:
Dungeon (2/15)

Altars:


Innate Abilities, Weirdness & Mutations

You are too large for most types of armour.
You have tough skin. (AC +1)


Message History

The adder closely misses you. x2; The bat hits you.
* * * LOW HITPOINT WARNING * * *
You block the goblin's attack.
Unknown command.
You hit the kobold.
The kobold is moderately wounded.
The bat hits you.
* * * LOW HITPOINT WARNING * * *
The adder closely misses you. The adder bites you.
* * * LOW HITPOINT WARNING * * *
You block the kobold's attack. The bat barely misses you.
You block the goblin's attack. The adder bites you.
* * * LOW HITPOINT WARNING * * *
You are lethally poisoned!
The adder poisons you! The adder bites you.
* * * LOW HITPOINT WARNING * * *
The kobold hits you.
* * * LOW HITPOINT WARNING * * *
The goblin hits you.
You die...

.#...# ...### (# ...# #.
## ..## .⌠ .# ..#
.###.## #.## #
##!.#..#### #..###
#.##..b......# .....#
#....gKS...[.# .....#
#.S@b.....# .....#
#......$..#
.....#########.........#
.............^=........#
.....#########$....."..#
.....#### ###.#######
........# #.#
.....##.###### #.#
#######......###.##


You could see 2 adders, a goblin, 2 bats and a kobold.

Vanquished Creatures
  An adder (D:2)
  A worm (D:2)
  An orc (D:2)
  A bat (D:1)
  3 goblins (D:2)
  A hobgoblin (D:2)
  2 kobolds
  6 rats
16 creatures vanquished.

Notes
Turn   | Place    | Note
-------+----------+-------------------------------------------
     0 | D:1      | rebelwolf the Ogre Fighter began the quest for the Orb.
     0 | D:1      | Reached XP level 1. HP: 24/24 MP: 1/1
   868 | D:2      | Reached XP level 2. HP: 21/33 MP: 2/2
  1733 | D:2      | Reached XP level 3. HP: 40/40 MP: 3/3
  1834 | D:2      | HP: 2/40 [adder (3)]
  1834 | D:2      | Slain by a goblin

Illustrated notes

Levels and vault maps discovered:
D:1:      matt_arrival_refuge, layout_basic
D:2:      layout_rooms, chequers_ecumenical_altar_twisty, minmay_pentomino_r4

Skill      XL: |  1  2  3 |
---------------+----------+-----
Dodging        | 3 |  3.1
Maces & Flails | 2 |  2.0
Shields        | 3 |  3.0
Fighting       | |  4.5

Action                   || total
-------------------------++-------
Melee: Flail             ||    78
  Use: Scroll            ||     4
Armor: Robe              ||    44
Dodge: Dodged            ||    53
Block: Kite shield       ||    65

Table legend: (Time is in decaauts)
 A = Elapsed time spent in this place.
 B = Non-inter-level travel time spent in this place.
 C = Inter-level travel time spent in this place.
 D = Time resting spent in this place.
 E = Time spent auto-exploring this place.
 F = Levels seen in this place.
 G = Mean time per level.
                   A        B        C        D        E       F      G
               +--------+--------+--------+--------+--------+-----+--------+
         Total |   1874 |   1874 |      0 |    971 |    575 |   2 |  937.0 |
       Dungeon |   1874 |   1874 |      0 |    971 |    575 |   2 |  937.0 |
               +--------+--------+--------+--------+--------+-----+--------+

Top non-repeatable levels by time:
     D:2: 1009 daAuts
     D:1: 864 daAuts
